 Dungeon Sprint DCSS version 0.32-a0-42-ga30500b4d3 (webtiles) character file.

Game seed: 4041829402459986336

13 rocky1 the Apothecary (level 2, 0/21 HPs)
             Began as a Merfolk Alchemist on Jan 29, 2024.
             Was a Follower of Sif Muna.
             Slain by a hobgoblin (4 damage)
             ... in the Dungeon (Sprint VII: "The Pits").
             The game lasted 00:00:40 (253 turns).

rocky1 the Apothecary (Merfolk Alchemist)            Turns: 253, Time: 00:00:40

Health: 0/21       AC:  2    Str:  8    XL:     2   Next: 37%
Magic:  4/5        EV: 13    Int: 14    God:    Sif Muna [*.....]
Gold:   0          SH:  0    Dex: 14    Spells: 4/5 levels left

rFire   . . .        l - +2 falchion
rCold   . . .        (no shield)
rNeg    . . .        a - +0 robe
rPois   .            (no helmet)
rElec   .            (no cloak)
rCorr   .            (no gloves)
SInv    .            (no boots)
Will    .....        (no amulet)
Stlth   ++           (no ring)
HPRegen 0.23/turn    (no ring)
MPRegen 0.09/turn

%: no teleportation
@: lethally poisoned (0 -> -1)
A: (nimble swimmer 2), mertail
a: Renounce Religion, Channel Magic


You were in the Dungeon.
You worshipped Sif Muna.
Sif Muna was aware of your devotion.
You visited 1 branch

Inventory:

Hand Weapons
 l - a +2 falchion (weapon)
Armour
 a - a +0 robe (worn)
Scrolls
 g - a scroll of blinking
 i - 2 scrolls of vulnerability
 j - 5 scrolls of amnesia
 k - a scroll of summoning
Potions
 b - 5 potions of magic
 c - a potion of curing
 d - a potion of heal wounds
 e - a potion of haste
 f - 3 potions of berserk rage
 h - 2 potions of invisibility


   Skills:
 + Level 1.2 Fighting
 + Level 1.2 Long Blades
 + Level 0.5 Armour
 + Level 3.3 Dodging
 + Level 2.8 Stealth
 + Level 2.4 Spellcasting
 + Level 1.3 Conjurations
 + Level 4.8 Alchemy
 + Level 1.1 Invocations


You had 4 spell levels left.
You knew the following spells:

 Your Spells              Type           Power      Damage    Failure   Level
a - Sting                 Conj/Alch      40%        1d5       6%          1

Your spell library contained the following spells:

 Spells                   Type           Power      Damage    Failure   Level
 Mercury Vapours          Alch/Air       16%        N/A       13%         2
 Mephitic Cloud           Conj/Alch/Air  7%         N/A       30%         3
 Olgreb's Toxic Radiance  Alch           15%        N/A       30%         4
 Sticky Flame             Fire/Alch      8%         2d4       63%         4


Dungeon Overview and Level Annotations

Branches:
Dungeon (1/1)

Altars:
Ashenzari
Cheibriados
Dithmenos
Elyvilon
Fedhas
Gozag
Hepliaklqana
Kikubaaqudgha
Makhleb
Nemelex Xobeh
Okawaru
Qazlal
Ru
Sif Muna
Trog
Uskayaw
Vehumet
Wu Jian
Xom
Yredelemnul
Zin
The Shining One
Jiyva
Lugonu


Innate Abilities, Weirdness & Mutations

((You are very nimble when in or above water. (Stealth+, EV+, Speed+++)))
Your lower body shifts to a powerful aquatic tail in water.


Message History

a +0 club; a gnoll corpse; a frilled lizard corpse You open the door.
A hobgoblin and an orc come into view.
The orc is wielding a +0 hand axe of venom.
Aiming: Sting (safe; 7% risk of failure)
Press: ? - help, Q - select action Shift-Dir - straight line, f - orc
Aim: an orc, wielding a +0 hand axe of venom (asleep, 100% to hit)
The sting hits the orc.
The orc is poisoned.
The orc is moderately wounded.
The orc shouts!
Aiming: Sting (safe; 7% risk of failure)
Press: ? - help, Q - select action Shift-Dir - straight line, p - orc
Okay, then.
You closely miss the orc.
The orc is moderately wounded.
The orc hits you with a +0 hand axe of venom.
You barely miss the orc.
The orc is moderately wounded.
The orc hits you with a +0 hand axe of venom.
You are poisoned.
You hit the orc.
You kill the orc!
Sif Muna accepts your kill.
You can now call upon Sif Muna for magical energy.
You feel very sick. The hobgoblin hits you.
You hit the hobgoblin.
The hobgoblin is severely wounded.
You feel sick. The hobgoblin barely misses you.
You hit the hobgoblin but do no damage.
The hobgoblin is severely wounded.
You feel sick. The hobgoblin barely misses you.
You barely miss the hobgoblin.
The hobgoblin is severely wounded.
You feel sick. The hobgoblin hits you.
* * * LOW HITPOINT WARNING * * *
You closely miss the hobgoblin.
The hobgoblin is severely wounded.
You feel sick. The hobgoblin misses you. The hobgoblin hits you.
You die...

#_______...###########++
##########'##...........
#..(.')))'.##......#..#.
##########.##...........
#.........รท.'...........
#+#####)#####......#..#.
#.. #.# #...........
#...#.# ####'#####++
#...g@# #.......# ##+####
#.......# #.......#
#...<...# #.......#
#.......# #.......#
#########


You could see a hobgoblin.

Vanquished Creatures
  A gnoll (D)
  An orc (D)
  2 frilled lizards (D)
4 creatures vanquished.

Notes
Turn   | Place    | Note
-------+----------+-------------------------------------------
     0 | D        | rocky1 the Merfolk Alchemist began the quest for the Orb.
     0 | D        | Reached XP level 1. HP: 13/13 MP: 3/3
    20 | D        | Found a bloodstained altar of Trog.
    20 | D        | Found a shimmering blue altar of Sif Muna.
    20 | D        | Found a viscous altar of Jiyva.
    20 | D        | Found a hazy altar of Hepliaklqana.
    20 | D        | Found an opulent altar of Gozag.
    21 | D        | Found a glowing golden altar of the Shining One.
    21 | D        | Found a glowing silver altar of Zin.
    21 | D        | Found a basalt altar of Yredelemnul.
    21 | D        | Found a shimmering altar of Xom.
    21 | D        | Found an ornate altar of the Wu Jian Council.
    21 | D        | Found a sacrificial altar of Ru.
    21 | D        | Found a stormy altar of Qazlal.
    21 | D        | Found an iron altar of Okawaru.
    21 | D        | Found a sparkling altar of Nemelex Xobeh.
    21 | D        | Found a burning altar of Makhleb.
    21 | D        | Found a blossoming altar of Fedhas.
    21 | D        | Found a white marble altar of Elyvilon.
    21 | D        | Found a shadowy altar of Dithmenos.
    21 | D        | Found a snail-covered altar of Cheibriados.
    25 | D        | Found a corrupted altar of Lugonu.
    25 | D        | Found a radiant altar of Vehumet.
    26 | D        | Found a broken altar of Ashenzari.
    26 | D        | Found an ancient bone altar of Kikubaaqudgha.
    26 | D        | Found a hide-covered altar of Uskayaw.
    30 | D        | Became a worshipper of Sif Muna the Loreminder
    75 | D        | Reached skill level 1 in Fighting
    75 | D        | Reached skill level 1 in Long Blades
    75 | D        | Reached skill level 1 in Conjurations
    75 | D        | Reached skill level 1 in Invocations
    75 | D        | Reached XP level 2. HP: 6/21 MP: 3/5
   249 | D        | Reached * piety under Sif Muna
   253 | D        | Slain by a hobgoblin

Illustrated notes

Levels and vault maps discovered:
D:        pitsprint [storerooms_1, entrance_room_1, metal_vault_6, armoury_2,
          mini_pit_1, grid_room_1, main_hall_1, silver_pit, the_coven_2,
          the_vestibule_1, steel_vault_3, golden_pit, hallway_of_sentries,
          crystal_vault_6, iron_vault_3, final_vault]

Skill      XL: |  1 |
---------------+----+-----
Fighting       | 1 |  1.2
Long Blades    | 1 |  1.2
Dodging        | 3 |  3.3
Conjurations   | 1 |  1.3
Invocations    | 1 |  1.1
Armour         | |  0.5
Stealth        | |  2.8
Spellcasting   | |  2.4
Alchemy        | |  4.8

Action                     || total
---------------------------++-------
  Melee: Falchion          ||    13
   Cast: Sting             ||     3
 Armour: Robe              ||     8
  Dodge: Dodged            ||     7

Table legend: (Time is in decaauts)
 A = Elapsed time spent in this place.
 B = Non-inter-level travel time spent in this place.
 C = Inter-level travel time spent in this place.
 D = Time resting spent in this place.
 E = Time spent auto-exploring this place.
 F = Levels seen in this place.
 G = Mean time per level.
                   A        B        C        D        E       F      G
               +--------+--------+--------+--------+--------+-----+--------+
         Total |    255 |    255 |      0 |    166 |      0 |   1 |  255.0 |
       Dungeon |    255 |    255 |      0 |    166 |      0 |   1 |  255.0 |
               +--------+--------+--------+--------+--------+-----+--------+

Top non-repeatable levels by time:
       D: 255 daAuts
